 Dungeon Crawl Stone Soup version 0.30-a0-557-ge2afbf3030 (webtiles) character file.

Game seed: 14797219727818130065

5555 MackTheKnife the Zephyrmancer (level 10, -2/83 HPs)
             Began as a White Draconian Air Elementalist on Dec 27, 2022.
             Was a Believer of Sif Muna.
             Slain by heinrich's ghost (7 damage)
             ... on level 8 of the Dungeon.
             The game lasted 00:13:47 (9748 turns).

MackTheKnife the Zephyrmancer (DrAE)                Turns: 9748, Time: 00:13:47

Health: -2/83      AC:  9    Str: 11    XL:     10   Next: 44%
Magic:  6/21       EV: 12    Int: 20    God:    Sif Muna [**....]
Gold:   419        SH:  0    Dex: 17    Spells: 13/24 levels left

rFire   . . .      SeeInvis .    q - +11 Screaming Sword {sonic wave}
rCold   + . .      Faith    .    g - orb {*Rage}
rNeg    . . .      Spirit   .    (body armour unavailable)
rPois   .          Reflect  .    (helmet restricted)
rElec   .          Harm     .    (no cloak)
rCorr   .          Rampage  .    u - +0 pair of gloves
Will    .....      Rage     20%  c - +0 pair of boots
Stlth   ++                       (no amulet)
HPRegen 0.33/turn                f - +6 ring of dexterity
MPRegen 0.17/turn                m - ring of wizardry

@: studying Maces & Flails
A: breathe frost, AC +7, unfitting armour, cold resistance 1, cold-blooded
a: Breathe Frost, Renounce Religion, Channel Magic


You were on level 8 of the Dungeon.
You worshipped Sif Muna.
Sif Muna was pleased with you.
You visited 1 branch of the dungeon, and saw 8 of its levels.

You collected 419 gold pieces.


Innate Abilities, Weirdness & Mutations

You can breathe waves of freezing cold which knock back foes.
Your icy white scales are hard. (AC +7)
You cannot fit into any form of body armour.
Your flesh is cold resistant. (rC+)
You are cold-blooded and may be slowed by cold attacks.


   Skills:
 + Level 6.2 Fighting
 + Level 5.6 Long Blades
 - Level 1.7 Dodging
 - Level 1.7 Stealth
 - Level 7.6 Spellcasting
 - Level 6.4 Conjurations
 - Level 9.1 Air Magic


You had 13 spell levels left.
You knew the following spells:

 Your Spells              Type           Power      Damage    Failure   Level
b - Static Discharge      Conj/Air       76%        2-6/arc   1%          2
c - Airstrike             Air            22%        2d(4-20)  1%          4
d - Arcjolt               Conj/Air       19%        1d29      4%          5

Your spell library contained the following spells:

 Spells                   Type           Power      Damage    Failure   Level
 Shock                    Conj/Air       100%       1d9       1%          1
 Poisonous Vapours        Pois/Air       50%        N/A       1%          2
 Swiftness                Air            44%        N/A       1%          3
 Vhi's Electric Charge    Tloc/Air       50%        N/A       1%          3
 Sting                    Tmut/Pois      28%        1d4       3%          1
 Summon Small Mammal      Summ           28%        N/A       3%          1
 Call Canine Familiar     Summ           7%         N/A       11%         3
 Summon Guardian Golem    Hex/Summ       7%         N/A       11%         3
 Tukima's Dance           Hex            7%         N/A       11%         3
 Olgreb's Toxic Radiance  Pois           7%         N/A       32%         4
 Passage of Golubria      Tloc           7%         N/A       32%         4
 Yara's Violent Unravell  Hex/Tmut       3%         3d4       65%         5
 Maxwell's Capacitive Co  Air            22%        ∞         99%         8

Inventory:

Hand Weapons
 j - a +2 dagger of electrocution {short}
   (You took it off a kobold on level 1 of the Dungeon)
 q - the +11 Screaming Sword (weapon) {sonic wave}
   (You found it on level 3 of the Dungeon)

   It radiates damaging sonic waves as it strikes, especially in combat
   involving dangerous or numerous foes.
 G - a +2 whip of flaming {mace}
   (You took it off Pikel on level 7 of the Dungeon)
Armour
 c - a +0 pair of boots (worn)
   (You found it on level 1 of the Dungeon)
 g - an orb of wrath (worn)
   (You found it on level 1 of the Dungeon)
 u - a +0 pair of gloves (worn)
   (You found it on level 3 of the Dungeon)
Magical Staves
 C - a staff of conjuration {!a@e2staff}
   (You found it on level 6 of the Dungeon)
Jewellery
 f - a +6 ring of dexterity (left hand)
   (You found it on level 2 of the Dungeon)
 k - a ring of flight
   (You found it on level 3 of the Dungeon)
 m - a ring of wizardry (right hand)
   (You took it off a hobgoblin on level 2 of the Dungeon)
 n - a ring of resist corrosion
   (You found it on level 2 of the Dungeon)
 w - a ring of fire
   (You found it on level 4 of the Dungeon)
 y - a ring of protection from cold
   (You found it on level 5 of the Dungeon)
 D - a ring of willpower
   (You found it on level 6 of the Dungeon)
Wands
 t - a wand of charming (18)
   (You found it on level 5 of the Dungeon)
 B - a wand of mindburst (15)
   (You found it on level 6 of the Dungeon)
 E - a wand of digging (10)
   (You found it on level 7 of the Dungeon)
 H - a wand of polymorph (23)
   (You found it on level 7 of the Dungeon)
 L - a wand of iceblast (11)
   (You took it off a centaur on level 8 of the Dungeon)
Scrolls
 e - a scroll of brand weapon
 s - a scroll of blinking {!r}
 v - 2 scrolls of immolation {!r!r}
 x - a scroll of silence {!r}
 z - a scroll of fog
 F - a scroll of enchant weapon
 J - a scroll of enchant armour {unknown}
 K - a scroll of teleportation {@r4}
Potions
 a - a potion of magic
 b - 3 potions of curing {@q1}
 d - a potion of invisibility
 h - a potion of haste {@q3}
 i - 2 potions of flight
 l - a potion of resistance {unknown}
 o - 2 potions of attraction {!q}
 p - 2 potions of heal wounds {@q2}
 r - 2 potions of might
 A - a potion of degeneration {unknown}
 I - a potion of mutation {unknown}

Dungeon Overview and Level Annotations

Branches:
Dungeon (8/15) Zot: 25652  Temple (0/1) D:7
   Lair: D:8-11

Altars:
Dithmenos
Fedhas
Gozag
Kikubaaqudgha
Qazlal
Ru
Sif Muna
Trog
Uskayaw

Shops:
D:6 ?

Annotations:
D:8 1 transporter, heinrich's ghost, novice DsGl

.###.≈≈#...........#≈≈.######.#
.#...≈≈###.##'##.###≈≈.# #.#
.#.#.≈≈..#.#...#.#..≈≈.######.#
.....≈≈.##.'...'.##.≈≈........###
.###.≈≈.#..#...#.©#.≈≈..>........
....)≈≈=##.##)##.##.≈≈..#########
.#.......#)#...#.#..≈≈..#
###.....©#)))©.'.#©.~~..# #
##.....#)#8⌠8#@#..≈≈..# #
#.≈≈.##)#####W##.≈≈..# #
#.≈≈.#..#.:.#..#.≈≈..# #
##.≈≈.##.#...#.##.≈≈..#
##..≈≈..#.#...#.#..≈≈..#
##...≈≈###.##g##.###≈≈.##
.....≈≈#...........#≈≈.#
##.#.≈≈##.###.###.##≈≈.#
#...≈≈#..#8###8#..#≈≈.#


You could see heinrich's ghost and a gnoll.


Message History

The gnoll sergeant closely misses you. The gnoll misses you.
The gnoll sergeant barely misses you. The gnoll sergeant closely misses you.
The gnoll hits you but does no damage.
Unknown command.
The gnoll sergeant barely misses you. x2
Things that are here:
a +0 spear {polearm}; a gnoll corpse Unknown command.
You hit the gnoll sergeant. The gnoll sergeant misses you.
The gnoll sergeant closely misses you. The gnoll sergeant barely misses you.
The gnoll sergeant hits you with a +1 vampiric trident!
* * * LOW HITPOINT WARNING * * *
The gnoll sergeant draws strength from your wounds! 😨 HP[-6]
You take 6 damage, and now have 22/83 hp.
Casting: Arcjolt (dangerous; 4% risk of failure)
Confirm with . or Enter, or press ? or * to list all spells.
Electricity surges outward!
You kill the gnoll sergeant!
Sif Muna accepts your kill.
You kill the gnoll sergeant!
Sif Muna accepts your kill.
You kill the gnoll!
Sif Muna accepts your kill.
Heinrich's ghost resists.
The gnoll sergeant hits you with a +0 spear of pain.
* * * LOW HITPOINT WARNING * * *
😱 HP[-4] MP[-5]
You take 4 damage, and now have 18/83 hp.
You lost 5 mp, and now have 7/21 mp.
Unknown command.
Casting: Arcjolt (dangerous; 4% risk of failure)
Confirm with . or Enter, or press ? or * to list all spells.
Electricity surges outward!
Heinrich's ghost resists.
You kill the gnoll!
Sif Muna accepts your kill. The gnoll sergeant barely misses you.
Heinrich's ghost barely misses you. 😱 MP[-4]
You lost 4 mp, and now have 3/21 mp.
Unknown command.
You slice the gnoll sergeant!!
The Singing Sword tries to sing in harmony with itself.
You send a blast of sound all around you.
You kill the gnoll!
Sif Muna accepts your kill.
You kill the gnoll sergeant!
Sif Muna accepts your kill. Heinrich's ghost hits you.
* * * LOW HITPOINT WARNING * * *
Unknown command.
Things that are here:
a +0 spear of pain {polearm}; a +0 ring mail; 22 gold pieces
Items here: $ ) = ? [ †.
You flicker for a moment. 😱 HP[+1] 😱 MP[+1] 😱 HP[+1]
Okay, then.
Okay, then.
Unknown command.
You flicker back into view.
Heinrich's ghost turns its malevolent gaze towards you.
Heinrich's ghost whispers, "The ORB doesn't exist."
There is an open translucent door here. 😨 HP[+1]
Press: ? - help, v - describe, . - travel, g - get item Item here: a manual of Conjurations.
The floor.
Unknown command.
Okay, then.
Okay, then.
Unknown command.
Aiming: Breathe Frost (3% risk of failure)
Press: ? - help, Shift-Dir - straight line, f - heinrich's ghost
Aim: heinrich's ghost (lightly damaged, 77% to hit)
Okay, then.
Aiming: Breathe Frost (3% risk of failure)
Press: ? - help, Shift-Dir - straight line, f - heinrich's ghost
Aim: heinrich's ghost (lightly damaged, 77% to hit)
You exhale a wave of freezing cold.
The freezing breath hits heinrich's ghost but does no damage.
Heinrich's ghost hits you!
* * * LOW HITPOINT WARNING * * *
😱 HP[-7] MP[+1]
You take 7 damage, and now have 14/83 hp.
Unknown command. 😱 HP[+1] Heinrich's ghost attacks as you move away!
Heinrich's ghost hits you!
* * * LOW HITPOINT WARNING * * *
😱 HP[-11]
You take 11 damage, and now have 4/83 hp.
Heinrich's ghost attacks as you move away!
Heinrich's ghost barely misses you.
You have got your breath back. 😱 MP[+1] 😱 HP[+1] Heinrich's ghost attacks as you move away!
Heinrich's ghost hits you!
You die...

Skill      XL: |  1  2  3  4  5  6  7  8  9 10 |
---------------+-------------------------------+-----
Conjurations   | 2 3 5 6 |  6.4
Air Magic      | 4 5 6 7 8 9 |  9.1
Spellcasting   | 3 4 5 6 7 |  7.6
Fighting       | 3 6 |  6.2
Long Blades    | 3 5 |  5.6
Dodging        | |  1.7
Stealth        | |  1.7

Action                   |  1- 3 |  4- 6 |  7- 9 | 10-12 || total
-------------------------+-------+-------+-------+-------++-------
Melee: Unarmed           |    11 |       |       |       ||    11
       Tailslap          |     2 |     1 |     6 |     1 ||    10
       Whip              |     8 |       |       |       ||     8
       Dagger            |     2 |    20 |    41 |       ||    63
       Double sword      |       |       |    35 |    20 ||    55
 Cast: Shock             |    73 |    89 |    85 |       ||   247
       Static Discharge  |       |    11 |    16 |       ||    27
       Airstrike         |       |     2 |    14 |     6 ||    22
       Arcjolt           |       |       |     8 |     8 ||    16
 Abil: Breathe Frost     |       |       |     3 |     1 ||     4
Evoke: Wand              |       |       |       |     1 ||     1
  Use: Scroll            |       |    13 |     6 |       ||    19
       Potion            |       |       |       |     2 ||     2
 Stab: Sleeping          |       |       |     2 |       ||     2
Armor: Skin              |    13 |    18 |    42 |    13 ||    86
Dodge: Dodged            |    25 |    31 |    70 |    28 ||   154

Levels and vault maps discovered:
D:1:      scummos_arrival_checkerplants, layout_rooms, serial_shops,
          nicolae_shop_window_shopping, st_stairs_5, kennysheep_another_room,
          patterned_corridor
D:2:      layout_loops_corners, chequers_ecumenical_altar_simple
D:3:      layout_basic, mainiacjoe_overflow_catwalk, bloody_trog,
          nicolae_uskayaw_dance_hall, kennysheep_jessica_study, uniq_robin
D:4:      kennysheep_the_goblin_king, layout_basic, corexii_checkpoint_a
D:5:      layout_basic, lemuel_blue_sif_altar, nicolae_overflow_hidden_temple,
          nicolae_ossuary_entry_ruins
D:6:      layout_cave_pools, nicolae_ru_awakened_eye,
          mainiacjoe_overflow_surrounded_room, serial_shops, nicolae_shop_trees,
          minmay_manual_mares, uniq_grinder
D:7:      minmay_flawed_box, layout_loops_ring,
          grunt_dithmenos_smoke_and_mirrors, minmay_temple_entry_arrows,
          nicolae_elevator_lobby_asterisk, uniq_pikel
D:8:      layout_loops_ring, gammafunk_ghost_gnarly_gnolls, uniq_joseph,
          uniq_psyche, uniq_maggie

Notes
Turn   | Place    | Note
-------+----------+-------------------------------------------
     0 | D:1      | MackTheKnife the Draconian Air Elementalist began the quest
                  | for the Orb.
     0 | D:1      | Reached XP level 1. HP: 14/14 MP: 3/3
     0 | D:1      | magus.rc [v1.9.6]
   276 | D:1      | Reached XP level 2. HP: 20/20 MP: 1/5
   438 | D:1      | Reached skill level 2 in Conjurations
   561 | D:1      | Learned a level 2 spell: Static Discharge
   677 | D:1      | Reached XP level 3. HP: 26/26 MP: 3/6
  1073 | D:1      | Found Urublie's Book Emporium.
  1378 | D:2      | Reached skill level 4 in Air Magic
  1589 | D:2      | Reached XP level 4. HP: 33/33 MP: 5/7
  1594 | D:2      | Learned a level 4 spell: Airstrike
  1970 | D:2      | Found a faded altar of an unknown god.
  2547 | D:3      | Found the +11 Singing Sword {sonic wave}
  2616 | D:3      | Noticed Robin
  2648 | D:3      | Killed Robin
  2713 | D:3      | Found a hide-covered altar of Uskayaw.
  2774 | D:3      | Found a stormy altar of Qazlal.
  2829 | D:3      | You pick up a book of Callings and begin reading...
  2829 | D:3      | You add the spells Summon Small Mammal, Call Canine
                  | Familiar and Summon Guardian Golem to your library.
  2918 | D:3      | Found a bloodstained altar of Trog.
  2977 | D:3      | Noticed Jessica
  2987 | D:3      | Killed Jessica
  2988 | D:3      | Reached XP level 5. HP: 34/38 MP: 1/9
  3267 | D:3      | You add the spells Sting, Poisonous Vapours and Olgreb's
                  | Toxic Radiance to your library.
  3646 | D:4      | Reached skill level 3 in Spellcasting
  4164 | D:4      | Reached skill level 5 in Air Magic
  4192 | D:4      | You add the spells Tukima's Dance, Passage of Golubria and
                  | Yara's Violent Unravelling to your library.
  4209 | D:4      | You add the spells Vhi's Electric Charge, Arcjolt and
                  | Maxwell's Capacitive Coupling to your library.
  4667 | D:4      | Reached XP level 6. HP: 29/45 MP: 2/11
  4760 | D:5      | Entered Level 5 of the Dungeon
  4880 | D:5      | Reached skill level 4 in Spellcasting
  4989 | D:5      | Noticed a water moccasin
  4994 | D:5      | Killed a water moccasin
  4995 | D:5      | Reached skill level 6 in Air Magic
  4995 | D:5      | Your scales start taking on an icy white colour.
  4995 | D:5      | Reached XP level 7. HP: 50/50 MP: 3/13
  4995 | D:5      | Gained mutation: Your flesh is cold resistant. (rC+) [White
                  | Draconian growth]
  5253 | D:5      | Reached skill level 5 in Spellcasting
  5385 | D:5      | Reached skill level 7 in Air Magic
  5391 | D:5      | Learned a level 5 spell: Arcjolt
  5508 | D:5      | Reached skill level 3 in Conjurations
  5570 | D:5      | Reached XP level 8. HP: 51/57 MP: 9/16
  5624 | D:5      | Found an opulent altar of Gozag.
  5648 | D:5      | Found an ancient bone altar of Kikubaaqudgha.
  6148 | D:5      | Found a shimmering blue altar of Sif Muna.
  6156 | D:5      | Became a worshipper of Sif Muna the Loreminder
  6394 | D:6      | Reached skill level 6 in Spellcasting
  6394 | D:6      | Reached skill level 4 in Conjurations
  6401 | D:6      | Noticed Grinder
  6489 | D:6      | Paralysed by Grinder for 4 turns
  6494 | D:6      | Killed Grinder
  6550 | D:6      | Reached skill level 8 in Air Magic
  6730 | D:6      | Reached skill level 5 in Conjurations
  6737 | D:6      | Noticed a kobold demonologist
  6742 | D:6      | Killed a kobold demonologist
  6743 | D:6      | Reached XP level 9. HP: 62/62 MP: 2/19
  7019 | D:6      | Found a sacrificial altar of Ru.
  7129 | D:6      | Found Qucajaw's Magic Scroll Boutique.
  7168 | D:6      | Found a blossoming altar of Fedhas.
  7176 | D:6      | Reached skill level 7 in Spellcasting
  7433 | D:7      | Found a shadowy altar of Dithmenos.
  7691 | D:7      | Found a staircase to the Ecumenical Temple.
  7928 | D:7      | Noticed Pikel
  7952 | D:7      | Killed Pikel
  7953 | D:7      | Reached skill level 6 in Conjurations
  7953 | D:7      | Reached skill level 9 in Air Magic
  8063 | D:7      | Reached skill level 1 in Fighting
  8063 | D:7      | Reached skill level 1 in Long Blades
  8123 | D:7      | Reached * piety under Sif Muna
  8127 | D:7      | Reached skill level 2 in Fighting
  8128 | D:7      | Reached skill level 2 in Long Blades
  8442 | D:8      | Noticed a two-headed ogre
  8468 | D:8      | Noticed Joseph
  8474 | D:8      | Killed Joseph
  8475 | D:8      | Reached skill level 3 in Fighting
  8475 | D:8      | Reached skill level 3 in Long Blades
  8598 | D:8      | Reached XP level 10. HP: 59/78 MP: 21/21
  8663 | D:8      | Reached skill level 4 in Fighting
  8666 | D:8      | Noticed Psyche
  8678 | D:8      | Paralysed by something for 3 turns
  8685 | D:8      | Killed Psyche
  8686 | D:8      | Reached skill level 4 in Long Blades
  8988 | D:8      | Found a transporter.
  9025 | D:8      | Killed a two-headed ogre
  9026 | D:8      | Reached skill level 5 in Fighting
  9026 | D:8      | Reached skill level 5 in Long Blades
  9144 | D:8      | Identified the +6 spear "Loli" {venom, Dex+2}
  9144 | D:8      | Noticed heinrich's ghost (novice DsGl)
  9409 | D:8      | Found a transporter.
  9499 | D:8      | Noticed Maggie
  9506 | D:8      | Killed Maggie
  9688 | D:8      | Identified the ring "Syfunuf" {Ice Int+3}
  9722 | D:8      | Reached skill level 6 in Fighting
  9727 | D:8      | HP: 18/83 [gnoll sergeant/+0 spear of pain (4)]
  9729 | D:8      | Reached ** piety under Sif Muna
  9740 | D:8      | HP: 14/83 [heinrich's ghost (7)]
  9744 | D:8      | HP: 3/83 [heinrich's ghost (12)]
  9748 | D:8      | Slain by heinrich's ghost

Vanquished Creatures
  A two-headed ogre (D:8)
  Pikel (D:7)
  Joseph (D:8)
  Maggie (D:8)
  A kobold demonologist (D:6)
  Psyche (D:8)
  Grinder (D:6)
  2 steam dragons
  A water moccasin (D:5)
  An orc warrior (D:5)
  A sky beast (D:7)
  2 black bears (D:5)
  3 ogres
  2 ice beasts
  4 centaurs
  A phantom (D:5)
  A lemure (D:7)
  2 kobold brigands (D:8)
  4 gnoll sergeants (D:8)
  A necrophage (D:8)
  2 scorpions
  3 wights (D:8)
  A howler monkey (D:8)
  A gnoll bouda (D:8)
  5 orc priests
  A hound (D:7)
  2 jellies
  Jessica (D:3)
  3 iguanas
  11 orc wizards
  Robin (D:3)
  4 gnolls (D:8)
  6 adders
  2 shadow imps (D:6)
  2 white imps (D:7)
  An ufetubus (D:5)
  A worm (D:2)
  A dart slug (D:1)
  13 orcs
  7 ball pythons
  3 bats
  8 endoplasms
  6 giant cockroaches
  22 goblins
  11 hobgoblins
  3 jackals
  5 quokkas
  8 frilled lizards
  13 kobolds
  4 rats
183 creatures vanquished.

Vanquished Creatures (others)
  6 plants (D:8)
6 creatures vanquished.

Grand Total: 189 creatures vanquished

Table legend:
 A = Non-vault XP
 B = Vault XP
 C = Vault XP percentage of total XP
 D = Non-vault monster count
 E = Vault monster count
 F = Vault count percentage of total count
                 A         B        C        D         E       F
            +---------+---------+-------+---------+---------+-------
      Total |    4737 |    3200 |  40.3 |     135 |      47 |  25.8
            +---------+---------+-------+---------+---------+-------
        D:1 |      55 |       4 |   6.8 |      30 |       2 |   6.2
        D:2 |      68 |       0 |   0.0 |      25 |       0 |   0.0
        D:3 |      13 |      77 |  85.6 |       9 |      14 |  60.9
        D:4 |     151 |      16 |   9.6 |       7 |       8 |  53.3
        D:5 |    1367 |       0 |   0.0 |      24 |       0 |   0.0
        D:6 |     895 |     510 |  36.3 |       9 |       3 |  25.0
        D:7 |     693 |     908 |  56.7 |      16 |       8 |  33.3
        D:8 |    1495 |    1685 |  53.0 |      15 |      12 |  44.4
            +---------+---------+-------+---------+---------+-------

Illustrated notes

Table legend:
 A = Kills in this place as a percentage of kills in entire the game.
 B = Kills by you in this place as a percentage of kills by you in the entire game.
 C = Kills by friends in this place as a percentage of kills by friends in the entire game.
 D = Other kills in this place as a percentage of other kills in the entire game.
 E = Experience gained in this place as a percentage of experience gained in the entire game.
 F = Experience gained in this place divided by the number of levels of this place that you have seen.
                   A       B       C       D       E      F
               +-------+-------+-------+-------+-------+----------------------
         Total | 100.0 | 100.0 |   N/A |   N/A | 100.0 | 992.1
       Dungeon | 100.0 | 100.0 |   N/A |   N/A | 100.0 | 992.1
               +-------+-------+-------+-------+-------+----------------------

Table legend: (Time is in decaauts)
 A = Elapsed time spent in this place.
 B = Non-inter-level travel time spent in this place.
 C = Inter-level travel time spent in this place.
 D = Time resting spent in this place.
 E = Time spent auto-exploring this place.
 F = Levels seen in this place.
 G = Mean time per level.
                   A        B        C        D        E       F      G
               +--------+--------+--------+--------+--------+-----+--------+
         Total |   9866 |   9512 |    354 |    658 |   7772 |   8 | 1233.2 |
       Dungeon |   9866 |   9512 |    354 |    658 |   7772 |   8 | 1233.2 |
               +--------+--------+--------+--------+--------+-----+--------+

Top non-repeatable levels by time:
     D:5: 1661 daAuts
     D:4: 1471 daAuts
     D:8: 1327 daAuts
     D:2: 1287 daAuts
     D:1: 1281 daAuts
     D:7: 1150 daAuts
     D:6: 886 daAuts
     D:3: 800 daAuts
